 Dungeon Crawl Stone Soup version 0.29.1-15-g9cfb28693d (webtiles) character file.

Game seed: 17760689541667440275

62 Gustavia the Trooper (level 4, -6/49 HPs)
             Began as an Ogre Berserker on Mar 23, 2023.
             Was a Follower of Trog.
             Mangled by Natasha (7 damage)
             ... on level 2 of the Dungeon.
             The game lasted 00:04:15 (1308 turns).

Gustavia the Trooper (Ogre Berserker)               Turns: 1308, Time: 00:04:16

Health: -6/49      AC:  4    Str: 23    XL:     4   Next: 8%
Magic:  4/4        EV: 10    Int:  8    God:    Trog [*.....]
Gold:   68         SH:  0    Dex:  8    Spells: 3/3 levels left

rFire   . . .      SeeInvis .   a - +0 mace
rCold   . . .      Faith    .   (no shield)
rNeg    . . .      Spirit   .   b - +1 animal skin
rPois   .          Reflect  .   (helmet restricted)
rElec   .          Harm     .   (no cloak)
rCorr   .          Rampage  .   (gloves unavailable)
Will    .....                   (boots unavailable)
Stlth   +.........              (no amulet)
HPRegen 0.16/turn               (no ring)
MPRegen 0.09/turn               (no ring)

@: slowed, very slow
A: large, unfitting armour, tough skin 1
a: Renounce Religion, Berserk


You were on level 2 of the Dungeon.
You worshipped Trog.
Trog was aware of your devotion.
You visited 1 branch of the dungeon, and saw 2 of its levels.

You collected 68 gold pieces.

Inventory:

Hand Weapons
 a - a +0 mace (weapon)
Armour
 b - a +1 animal skin (worn)


   Skills:
 + Level 4.7 Fighting
 + Level 3.4 Maces & Flails
 + Level 3.3 Dodging
 + Level 0.1 Stealth


You had 3 spell levels left.
You didn't know any spells.
Your spell library was empty.

Dungeon Overview and Level Annotations

Branches:
Dungeon (2/15)

Altars:

Annotations:
D:2 Natasha


Innate Abilities, Weirdness & Mutations

You are too large for most types of armour.
You have tough skin. (AC +1)


Message History

A quokka comes into view.
The quokka completely misses you.
You hit the quokka.
You kill the quokka!
Trog accepts your kill.
Natasha wildly gestures.
Natasha's front paws start to glow.
Natasha mumbles some strange words.
You closely miss Natasha. Natasha claws you. Natasha closely misses you.
You closely miss Natasha. Natasha claws you but does no damage.
Natasha claws you!
You sock Natasha!
Natasha is heavily wounded.
Natasha stares at you and mumbles some strange words.
The magic dart hits you. Natasha casts a spell at you.
You feel as though you will be slow longer.
You closely miss Natasha.
Natasha is heavily wounded.
Natasha claws you! Natasha barely misses you.
You miss Natasha.
Natasha is heavily wounded.
Natasha claws you!
* * * LOW HITPOINT WARNING * * *
You hit Natasha.
Natasha is severely wounded.
Natasha stares at you and mumbles some strange words.
You resist with some effort. Natasha claws you!
* * * LOW HITPOINT WARNING * * *
You aren't carrying any potions.
You aren't carrying any scrolls.
You completely miss Natasha.
Natasha is severely wounded.
Natasha barely misses you. Natasha claws you but does no damage.
You closely miss Natasha.
Natasha is severely wounded.
Natasha claws you.
* * * LOW HITPOINT WARNING * * *
Natasha claws you!
You die...

# # #...#### .. #...
..# #### ####. #...
#.# .....
..#.##..###.##.....#
............@h5....#
#.....#...##.....#
####.....#...##
....#
..............# ####
####..†##..#.#
#...##..#.#
#....†..#.##
###.##.##... #
#.##......


You could see Natasha and a white imp (summoned).

Vanquished Creatures
  Natasha (D:2)
  An adder (D:2)
  A dart slug (D:2)
  A ball python (D:1)
  2 endoplasms (D:1)
  2 giant cockroaches
  2 hobgoblins
  3 jackals (D:2)
  4 kobolds
  3 quokkas (D:2)
  A bat (D:2)
  3 goblins
24 creatures vanquished.

Vanquished Creatures (others)
  A plant (D:1)
1 creature vanquished.

Grand Total: 25 creatures vanquished

Notes
Turn   | Place    | Note
-------+----------+-------------------------------------------
     0 | D:1      | Gustavia the Ogre Berserker began the quest for the Orb.
     0 | D:1      | Reached XP level 1. HP: 24/24 MP: 1/1
   163 | D:1      | Found a faded altar of an unknown god.
   270 | D:1      | Reached XP level 2. HP: 30/32 MP: 2/2
   881 | D:2      | Reached XP level 3. HP: 22/40 MP: 3/3
  1254 | D:2      | Noticed Natasha
  1262 | D:2      | Killed Natasha
  1274 | D:2      | Reached XP level 4. HP: 38/49 MP: 4/4
  1293 | D:2      | Noticed Natasha
  1308 | D:2      | HP: 1/49 [Natasha (6)]
  1308 | D:2      | Mangled by Natasha

Illustrated notes

Levels and vault maps discovered:
D:1:      kilobyte_arrival_exit_the_forest, layout_rooms,
          hellmonk_ecumenical_altar_slurped_away, minmay_misc_feat_cross
D:2:      layout_loops_cross, uniq_natasha, uniq_crazy_yiuf_cottage

Skill      XL: |  1  2 |
---------------+-------+-----
Dodging        | 3 |  3.3
Maces & Flails | 3 |  3.4
Fighting       | |  4.7
Stealth        | |  0.1

Action                   |  1- 3 |  4- 6 || total
-------------------------+-------+-------++-------
Melee: Mace              |    72 |    10 ||    82
       Punch             |     1 |       ||     1
  Use: Potion            |     4 |       ||     4
       Scroll            |     2 |       ||     2
 Stab: Sleeping          |     1 |       ||     1
       Invisible         |     1 |       ||     1
Armor: Animal skin       |    19 |     2 ||    21
Dodge: Dodged            |    51 |     4 ||    55
